AoeStats
← Cloudy

Arabian Desert

508737418Analyzed
1v1 RM · 9d ago on Sep 23, 2026· 25m 42s· 2 players
Game mode
Random Map
Map size
Tiny (2 player)
Population
200
Speed
Normal
Resources
Standard
Victory
Conquest
Starting age
Dark Age
Ending age
Imperial Age
RankedLock teamsTeams togetherTeam positionsShared explorationLock speedFull tech treeHidden civsTurbo modeCheats
Victory
Defeat
🇩🇪 Saxons · Germany
1402
+13
🇨🇱 Khmer · Chile
1330
-13
Raul30
5:46 Loom
8:47 Feudal Age
9:48 Double-Bit Axe
12:36 Fletching
18:59 Padded Archer Armor
21:53 Castle Age
20:30 Scale Barding Armor
20:59 Horse Collar
21:33 Bloodlines
22:13 Forging
22:58 Chain Barding Armor
23:30 Bodkin Arrow
23:48 Elite Skirmisher
25:37 Leather Archer Armor
Cloudy
6:21 Loom
8:39 Feudal Age
9:54 Double-Bit Axe
14:05 Fletching
21:32 Castle Age
19:47 Horse Collar
21:16 Gold Mining
21:41 Crossbowman
22:17 Bodkin Arrow
23:19 Scale Mail Armor
24:48 Ballistics
26:15 Wheelbarrow
Connection lost

Rejoining the realm…

Still unreachable

The connection could not be restored.

Session expired

The server has moved on; the page needs a fresh start.